 Dungeon Crawl Stone Soup version 0.24-a0-613-g1ff6aac338 (webtiles) character file.

Game seed: 15028509141165485663, levelgen mode: deterministic

634 Loge the Poker (level 7, 0/53 (54) HPs)
             Began as a Merfolk Skald on Sept 12, 2019.
             Was an Initiate of Okawaru.
             Slain by a centaur
             ... wielding a +0 glaive
              (11 damage)
             ... on level 5 of the Dungeon.
             The game lasted 00:18:39 (4663 turns).

Loge the Poker (Merfolk Skald)                      Turns: 4663, Time: 00:18:40

HP:   0/53 (54)     AC:  5    Str: 11    XL:     7   Next: 49%
MP:   2/10          EV: 14    Int: 15    God:    Okawaru [......]
Gold: 298           SH:  0    Dex: 13    Spells: 1/10 levels left

rFire    . . .     SeeInvis .   a - +1 spear
rCold    . . .     Gourm    .   (no shield)
rNeg     + . .     Faith    .   l - +0 leather armour
rPois    .         Spirit   .   m - +1 helmet
rElec    .         Reflect  .   (no cloak)
rCorr    .         Harm     .   (no gloves)
MR       .....                  (no boots)
Stlth    +.........             (no amulet)
HPRegen  1.17/turn              o - ring of positive energy
MPRegen  0.12/turn              (no ring)

@: very slightly contaminated, regenerating (expiring)
A: change form in water, swift swim, stealthy swim
a: Renounce Religion


You were on level 5 of the Dungeon.
You worshipped Okawaru.
Okawaru was noncommittal.
You were not hungry.

You visited 2 branches of the dungeon, and saw 6 of its levels.

You collected 298 gold pieces.

Inventory:

Hand Weapons
 a - a +1 spear (weapon)
 b - a +0 dagger of venom
Missiles
 h - 5 datura-tipped darts
 j - 77 stones (quivered)
Armour
 l - a +0 leather armour (worn)
 m - a +1 helmet (worn)
Jewellery
 g - an uncursed ring of positive energy
 o - a ring of positive energy (left hand)
Wands
 c - a wand of iceblast (8)
 i - a wand of flame (20)
Scrolls
 f - 2 scrolls of noise {unknown}
 k - a scroll of teleportation {unknown}
 p - a scroll of blinking {unknown}
 q - 2 scrolls of remove curse
 r - a scroll of identify
 s - a scroll of random uselessness {unknown}
Potions
 e - a potion of curing
 n - 2 potions of resistance {unknown}
 t - a potion of lignification {unknown}
Comestibles
 d - 8 rations
 u - 8 chunks of flesh


   Skills:
 + Level 4.3 Fighting
 * Level 7.5 Polearms
 - Level 0.6 Armour
 + Level 5.2 Dodging
 - Level 2.0 Spellcasting
 + Level 4.9 Charms
 + Level 1.6 Invocations


You had one spell level left.
You knew the following spells:

 Your Spells              Type           Power        Failure   Level  Hunger
a - Infusion              Chrm           ###.         3%          1    #......
s - Song of Slaying       Chrm           ###.....     6%          2    ###....
x - Regeneration          Chrm/Necr      #.........   32%         3    ###....
z - Spectral Weapon       Hex/Chrm       #.......     32%         3    ###....

Your spell library contained the following spells:

 Spells                   Type           Power        Failure   Level  Hunger
 Shroud of Golubria       Chrm/Tloc      #.....       16%         2    ###....


Dungeon Overview and Level Annotations

Branches:
Dungeon (5/15)             Temple (1/1) D:4

Altars:
Ashenzari
Cheibriados
Dithmenos
Fedhas
Gozag
Hepliaklqana
Kikubaaqudgha
Makhleb
Nemelex Xobeh
Okawaru
Qazlal
Sif Muna
Trog
Uskayaw
Vehumet
Wu Jian
Xom
Yredelemnul
The Shining One

Annotations:
D:5 exclusion: ice beast


Message History

You are too injured to fight recklessly!
You hit the centaur.
The centaur is lightly wounded.
Your spectral weapon hits the centaur but does no damage.
The centaur barely misses you.
You barely miss the centaur.
The centaur is lightly wounded.
Your spectral weapon completely misses the centaur.
The centaur misses you.
You hit the centaur.
The centaur is lightly wounded.
Your spectral weapon hits the centaur from afar!
The centaur hits you with a +0 glaive!
* * * LOW HITPOINT WARNING * * *
You hit the centaur.
The centaur is heavily wounded.
Your spectral weapon completely misses the centaur.
You swap places.
The centaur completely misses you.
The centaur hits you from afar with a +0 glaive!
You die...

#..#... ## #.........
###..### .##.#.####.#
....## #.....#.# #..
#...##.........# #.#
#..........##### #..
#c#.# ##### #..
#.#(######## #..
#.#........# #..
#c.#@#####.# #..
###(#.# ######..
#.._c(# ........
#.#)### ######. #...#
#. ##.## ##########.
#.#########..........
#...........#########
#############


You could see a centaur and a friendly spectral +1 spear.

Vanquished Creatures
  An ogre (D:4)
  2 phantoms (D:5)
  A howler monkey (D:3)
  A hound (D:5)
  2 orc wizards (D:4)
  An iguana (D:4)
  A worker ant (D:4)
  A killer bee zombie (D:5)
  Robin (D:3)
  6 adders
  An adder skeleton (D:4)
  A worm (D:5)
  3 dart slugs
  A leopard gecko (D:3)
  6 orcs
  6 bats
  2 giant cockroaches
  14 goblins
  8 hobgoblins
  18 jackals
  A kobold (D:1)
  2 quokkas
  6 frilled lizards
  A jackal skeleton (D:4)
  A leopard gecko skeleton (D:5)
  8 rats
  A spectral orc (D:4)
97 creatures vanquished.

Notes
Turn   | Place    | Note
-------+----------+-------------------------------------------
     0 | D:1      | Loge the Merfolk Skald began the quest for the Orb.
     0 | D:1      | Reached XP level 1. HP: 16/16 MP: 3/3
   310 | D:1      | Reached XP level 2. HP: 23/23 MP: 1/5
   828 | D:1      | Learned a level 2 spell: Song of Slaying
   884 | D:1      | Reached XP level 3. HP: 21/28 MP: 0/6
   889 | D:1      | Reached skill level 4 in Polearms
  1259 | D:1      | Learned a level 3 spell: Regeneration
  1444 | D:2      | Reached XP level 4. HP: 34/34 MP: 0/7
  2117 | D:3      | Noticed Robin
  2152 | D:3      | Killed Robin
  2167 | D:3      | Reached skill level 5 in Polearms
  2463 | D:3      | Reached XP level 5. HP: 41/41 MP: 8/8
  2804 | D:3      | Found a shimmering altar of Xom.
  2805 | D:3      | Found a shimmering altar of Xom.
  2806 | D:3      | Found a shimmering altar of Xom.
  2824 | D:3      | Found a shadowy altar of Dithmenos.
  3004 | D:4      | Noticed an ogre
  3030 | D:4      | Reached XP level 6. HP: 23/47 MP: 6/9
  3033 | D:4      | HP: 1/47 [ogre/+0 giant club (22)]
  3039 | D:4      | Reached skill level 6 in Polearms
  3379 | D:4      | Found a staircase to the Ecumenical Temple.
  3439 | Temple   | Entered the Ecumenical Temple
  3527 | Temple   | Became a worshipper of Warmaster Okawaru
  3551 | Temple   | Learned a level 3 spell: Spectral Weapon
  3819 | D:4      | Found a blossoming altar of Fedhas.
  3976 | D:4      | Found a snail-covered altar of Cheibriados.
  4051 | D:4      | Found a basalt altar of Yredelemnul.
  4231 | D:5      | Entered Level 5 of the Dungeon
  4280 | D:5      | Noticed an ice beast
  4310 | D:5      | Noticed a phantom
  4323 | D:5      | Killed a phantom
  4323 | D:5      | Reached skill level 7 in Polearms
  4323 | D:5      | Reached skill level 5 in Dodging
  4323 | D:5      | Reached skill level 1 in Invocations
  4323 | D:5      | Reached XP level 7. HP: 46/54 MP: 7/10
  4636 | D:5      | Found a shattered altar of Ashenzari.
  4663 | D:5      | Slain by a centaur

Levels and vault maps discovered:
D:1:      eino_arrival_water_cross, layout_basic,
          hangedman_abyss_or_decor_lesser_grid, minmay_misc_feat_square
D:2:      layout_rooms, kennysheep_nondescript
D:3:      layout_loops_cross, xom_redecorated, grunt_dithmenos_smoke,
          roderic_lattice_a, uniq_robin
D:4:      layout_basic, yredelemnul_forgotten_temple_becter,
          cheibriados_altar_1, lemuel_round_altar,
          minmay_temple_entry_large_hall, first_ration
D:5:      layout_loops_ring, elyvilon_altar_1, ashenzari_altar_1, uniq_sigmund
Temple:   dshaligram_water_room_temple

Skill      XL: |  1  2  3  4  5  6 |
---------------+-------------------+-----
Dodging        | 3 4 5 |  5.2
Polearms       | 4 5 7 |  7.5
Fighting       | 3 4 |  4.3
Charms         | 4 |  4.9
Invocations    | 1 |  1.6
Armour         | |  0.6
Spellcasting   | |  2.0

Action                   |  1- 3 |  4- 6 |  7- 9 || total
-------------------------+-------+-------+-------++-------
Melee: Spear             |   108 |    68 |    41 ||   217
       Dagger            |       |   137 |       ||   137
 Cast: Infusion          |    16 |     8 |     2 ||    26
       Song of Slaying   |     1 |     2 |       ||     3
       Regeneration      |     1 |       |     1 ||     2
       Spectral Weapon   |       |     2 |     2 ||     4
  Use: Scroll            |       |     6 |       ||     6
 Stab: Sleeping          |     1 |     1 |       ||     2
  Eat: Chunk             |     2 |    10 |     2 ||    14
Armor: Leather armour    |    18 |    33 |     3 ||    54
Dodge: Dodged            |    43 |   123 |    21 ||   187

Table legend:
 A = Non-vault XP
 B = Vault XP
 C = Vault XP percentage of total XP
 D = Non-vault monster count
 E = Vault monster count
 F = Vault count percentage of total count
                 A         B        C        D         E       F
            +---------+---------+-------+---------+---------+-------
      Total |     872 |      34 |   3.8 |      85 |      12 |  12.4
            +---------+---------+-------+---------+---------+-------
        D:1 |      47 |       0 |   0.0 |      24 |       0 |   0.0
        D:2 |      67 |       0 |   0.0 |      14 |       0 |   0.0
        D:3 |     112 |      33 |  22.8 |      18 |      11 |  37.9
        D:4 |     305 |       1 |   0.3 |      18 |       1 |   5.3
        D:5 |     341 |       0 |   0.0 |      11 |       0 |   0.0
            +---------+---------+-------+---------+---------+-------
